 Dungeon Crawl Stone Soup version 0.22.0-38-g04b72b8 (webtiles) character file.

51 leisz the Digger (level 3, 0/20 HPs)
             Began as a Gargoyle Earth Elementalist on Aug 28, 2018.
             Was an Initiate of Kikubaaqudgha.
             Slain by Sigmund
             ... wielding a +0 scythe
              (5 damage)
             ... on level 2 of the Dungeon.
             The game lasted 00:05:42 (1710 turns).

leisz the Digger (Gargoyle Earth Elementalist)      Turns: 1710, Time: 00:05:43

Health: 0/20       AC: 11    Str: 11    XL:     3   Next: 83%
Magic:  2/6        EV: 10    Int: 16    God:    Kikubaaqudgha [......]
Gold:   88         SH:  0    Dex: 10    Spells: 6/7 levels left

rFire    . . .     SeeInvis .   k - +0 whip
rCold    + + .     Gourm    .   (no shield)
rNeg     + . .     Faith    .   r - +2 ring mail {rC+}
rPois    ∞         Spirit   .   i - +0 helmet
rElec    +         Reflect  .   (no cloak)
rCorr    .         Harm     .   (no gloves)
MR       .....                  (no boots)
Stlth    +.........             (no amulet)
HPRegen  0.06/turn              n - ring of protection from cold
MPRegen  0.10/turn              (no ring)

@: very slightly contaminated
A: negative energy resistance 1, electricity resistance, unbreathing,
petrification resistance, rot immunity, AC +3
a: Renounce Religion


You were on level 2 of the Dungeon.
You worshipped Kikubaaqudgha.
Kikubaaqudgha was noncommittal.
You were not hungry.

You visited 1 branch of the dungeon, and saw 2 of its levels.

You collected 88 gold pieces.

Inventory:

Hand Weapons
 f - a +0 dagger
 k - a +0 whip (weapon)
Missiles
 b - 44 stones (quivered)
Armour
 i - a +0 helmet (worn)
 m - a +0 ring mail
 r - a +2 ring mail of cold resistance (worn)
Jewellery
 n - a ring of protection from cold (left hand)
Scrolls
 e - 2 scrolls of remove curse
 g - a scroll of blinking
 j - 2 scrolls of identify {unknown}
 o - 2 scrolls of teleportation {unknown}
 q - a scroll of magic mapping {unknown}
Potions
 a - 2 potions of agility {unknown}
 c - a potion of brilliance {unknown}
 h - 3 potions of curing {unknown}
 l - a potion of heal wounds {unknown}
Comestibles
 d - 3 rations


   Skills:
 + Level 1.1 Fighting
 + Level 1.2 Armour
 - Level 1.8 Dodging
 - Level 2.5 Stealth
 + Level 2.5 Spellcasting
   Level 0.7 Transmutations
 + Level 4.2 Earth Magic


You had 6 spell levels left.
You knew the following spells:

 Your Spells              Type           Power        Failure   Level  Hunger
a - Sandblast             Erth           ###...       9%          1    #......

Your spell library contained the following spells:

 Spells                   Type           Power        Failure   Level  Hunger
 Passwall                 Tmut/Erth      #.......     26%         2    ##.....
 Stone Arrow              Conj/Erth      #.....       52%         3    ###....
 Petrify                  Tmut/Erth      #.......     86%         4    #####..
 Lee's Rapid Deconstruct  Erth           ###.......   92%         5    ######.


Dungeon Overview and Level Annotations

Branches:
Dungeon (2/15)

Altars:
Kikubaaqudgha
Zin

Annotations:
D:2 Sigmund


Innate Abilities, Weirdness & Mutations

You are resistant to torment.
Your stone body is resilient. (AC +3)
You are immune to poison.
You resist negative energy. (rN+)
You are resistant to electric shocks. (rElec)
You can survive without breathing.
You are immune to petrification.
You are immune to rotting.


Message History

Sigmund's hands start flickering wildly.
Sigmund points at you and mumbles some strange words.
You are confused.
Sigmund points at you and mumbles some strange words.
The puff of flame hits you! Sigmund misses you.
You are too injured to fight recklessly!
You're too confused to cast spells.
You're too confused to cast spells.
You're too confused to cast spells.
You're too confused to cast spells.
You're too confused to move!
Sigmund barely misses you.
You miss Sigmund.
Sigmund is heavily wounded.
You feel less confused.
You closely miss Sigmund.
Sigmund is heavily wounded.
Sigmund hits you with a scythe.
You die...
Kikubaaqudgha rasps: "You have failed me!
Welcome... oblivion!"

######## .......# ##.#†#.#
#(.###.# ##.#.#.##
#################### ..#.....#
###................... )#.###..#
#..#...#...#[..#...#.. ##..#...#
#<......).......@$..._ .#.###..##
#..#.@@#...#...#§..#..
)........####...........?........
#.######......###################
#)## #...........# #..#
#..######..........# #..#
#...............#..####..#
#...............##.##....# ######
#.......................## #.....
#......................#####.....


You could see Sigmund.

Vanquished Creatures
  2 adders (D:2)
  A dart slug (D:1)
  A leopard gecko (D:1)
  7 bats
  5 goblins
  5 hobgoblins
  A frilled lizard (D:2)
  3 kobolds
  4 rats
29 creatures vanquished.

Notes
Turn   | Place    | Note
-------+----------+-------------------------------------------
     0 | D:1      | leisz the Gargoyle Earth Elementalist began the quest for the Orb.
     0 | D:1      | Reached XP level 1. HP: 10/10 MP: 3/3
   229 | D:1      | Reached XP level 2. HP: 15/15 MP: 3/5
  1062 | D:2      | Reached skill level 4 in Earth Magic
  1097 | D:2      | Reached XP level 3. HP: 20/20 MP: 2/6
  1244 | D:2      | Reached skill level 1 in Fighting
  1372 | D:2      | Found an ancient bone altar of Kikubaaqudgha.
  1435 | D:2      | Became a worshipper of Kikubaaqudgha
  1466 | D:2      | Reached skill level 1 in Armour
  1679 | D:2      | Noticed Sigmund
  1682 | D:2      | Found a glowing silver altar of Zin.
  1710 | D:2      | Slain by Sigmund

Skill      XL: |  1  2  3 |
---------------+----------+-----
Earth Magic    | 4 |  4.2
Fighting       | 1 |  1.1
Armour         | 1 |  1.2
Dodging        | |  1.8
Stealth        | |  2.5
Spellcasting   | |  2.5
Transmutations | |  0.7

Action                   || total
-------------------------++-------
Melee: Unarmed           ||     6
       Dagger            ||    15
       Whip              ||    36
 Cast: Sandblast         ||    31
  Use: Scroll            ||     4
 Stab: Sleeping          ||     3
  Eat: Chunk             ||     3
Armor: Robe              ||     2
       Ring mail         ||    31
       Leather armour    ||     4
Dodge: Dodged            ||    38
